 Dungeon Crawl Stone Soup version 0.28.0-45-g0d030f2227 (webtiles) character file.

Game seed: 10969027227478678733

170 L33tCrusader the Firebug (level 5, -1/32 HPs)
             Began as a Tengu Cinder Acolyte on Apr 20, 2022.
             Was an Initiate of Ignis.
             Hit by a goblin thrown by Robin (2 damage)
             ... on level 3 of the Dungeon.
             The game lasted 00:08:59 (3438 turns).

L33tCrusader the Firebug (Tengu Cinder Acolyte)     Turns: 3438, Time: 00:08:59

Health: -1/32      AC:  2    Str: 14    XL:     5   Next: 50%
Magic:  8/8        EV: 14    Int: 16    God:    Ignis [......]
Gold:   35         SH:  0    Dex: 10    Spells: 5/7 levels left

rFire   + . .      SeeInvis .   f - +0 flail
rCold   . . .      Faith    .   (no shield)
rNeg    . . .      Spirit   .   b - +0 robe
rPois   .          Reflect  .   (helmet restricted)
rElec   .          Harm     .   (no cloak)
rCorr   .          Rampage  .   (no gloves)
Will    .....                   (boots unavailable)
Stlth   +.........              (no amulet)
HPRegen 0.10/turn               (no ring)
MPRegen 0.11/turn               (no ring)

@: flying quickly and evasively, quick
A: beak, talons 3, nimble flight
a: Renounce Religion, Rising Flame


You were on level 3 of the Dungeon.
You worshipped Ignis.
Ignis was noncommittal.
You visited 1 branch of the dungeon, and saw 3 of its levels.

You collected 35 gold pieces.

Inventory:

Hand Weapons
 a - a -1 mace of flaming
 f - a +0 flail (weapon)
Armour
 b - a +0 robe (worn)
 i - a +0 barding
Scrolls
 j - a scroll of torment
Potions
 c - a potion of brilliance
 d - a potion of magic {unknown}
 e - a potion of invisibility {unknown}
 g - a potion of heal wounds {unknown}
 k - a potion of degeneration {unknown}


   Skills:
 + Level 3.4 Fighting
 * Level 4.4 Maces & Flails
 + Level 1.7 Dodging
 + Level 1.8 Spellcasting
 * Level 4.6 Fire Magic


You had 5 spell levels left.
You knew the following spells:

 Your Spells              Type           Power      Damage    Failure   Level
a - Scorch                Fire           32%        2d7       4%          2

Your spell library contained the following spells:

 Spells                   Type           Power      Damage    Failure   Level
 Animate Skeleton         Necr           2%         N/A       22%         1
 Apportation              Tloc           2%         N/A       22%         1
 Summon Small Mammal      Summ           4%         N/A       22%         1


Dungeon Overview and Level Annotations

Branches:
Dungeon (3/15)

Altars:

Annotations:
D:3 Robin


Innate Abilities, Weirdness & Mutations

You have a beak for a mouth.
You have claws for feet.
Your magical nature lets you fly swiftly and evasively.


Message History

You kill the goblin!
You hit the goblin.
You kill the goblin!
Robin of the Strong Arm comes into view.
They are wielding a +0 mace.
Robin shouts!
You hit the hobgoblin.
You peck the hobgoblin, but do no damage.
The hobgoblin is severely wounded.
You hear a shout! x2
The goblin shoots a sling bullet.
The sling bullet completely misses you. The hobgoblin hits you.
Robin throws the goblin at you! The goblin misses you. The hobgoblin hits you.
The goblin hits you but does no damage.
You barely miss the hobgoblin. Your kick misses the hobgoblin.
Your peck misses the hobgoblin.
The hobgoblin is severely wounded.
The goblin closely misses you. The goblin hits you with a +0 dagger.
The goblin hits you with a +0 club. The goblin barely misses you.
A goblin comes into view. It is wielding a +0 dagger. x2
Robin throws the goblin at you!
The goblin unwields a +0 hunting sling.
The goblin wields a +0 dagger.
The goblin hits you but does no damage.
The goblin shouts!
Robin roars a battlecry!
The goblins go into a battle-frenzy!
You hear a shout!
A giant cockroach comes into view.
The goblin unwields a +0 dagger.
The goblin wields a +0 hunting sling.
The goblin shoots a sling bullet.
The sling bullet hits you!
* * * LOW HITPOINT WARNING * * *
Robin throws the goblin at you!
* * * LOW HITPOINT WARNING * * *
The goblin shoots a sling bullet.
The sling bullet barely misses you. The goblin misses you.
Found 11 gold pieces.
The goblin hits you with a +0 dagger.
* * * LOW HITPOINT WARNING * * *
Found 24 stones.
The giant cockroach misses you.
A rat comes into view.
Robin throws the goblin at you!
You die...

... .#....> ..........
......
....#....###.)...
.........##.....
...............
(.#######.#..##...g)##.
.....#.....# ##.g)..)#
#.g.g..#####g#.....
#.@.g..g.g....)#...
#...B.#g.............
#....###.gg...........
#.$.#.# #..........####
r.# #. #..........####
. .. #.........).... ##
##.............
.........).....
###.............


You could see Robin, a giant cockroach, 6 goblins and a rat.

Vanquished Creatures
  An orc priest (D:3)
  Terence (D:3)
  5 adders (D:2)
  A worm (D:2)
  4 dart slugs
  3 orcs (D:3)
  2 endoplasms (D:2)
  5 hobgoblins
  5 kobolds
  6 quokkas
  4 ball pythons
  2 bats (D:1)
  2 frilled lizards
  9 goblins
  9 rats
59 creatures vanquished.

Vanquished Creatures (others)
  87 foxfires
87 creatures vanquished.

Grand Total: 146 creatures vanquished

Notes
Turn   | Place    | Note
-------+----------+-------------------------------------------
     0 | D:1      | L33tCrusader the Tengu Cinder Acolyte began the quest for
                  | the Orb.
     0 | D:1      | Reached XP level 1. HP: 14/14 MP: 3/3
   231 | D:1      | Reached XP level 2. HP: 19/19 MP: 4/4
   631 | D:1      | Reached XP level 3. HP: 23/23 MP: 5/5
   850 | D:1      | You fall into a shaft and drop 1 floor!
  1000 | D:2      | Reached skill level 1 in Dodging
  1450 | D:2      | Reached XP level 4. HP: 5/28 MP: 7/7
  3127 | D:3      | Noticed Terence
  3130 | D:3      | Killed Terence
  3131 | D:3      | Gained mutation: Your magical nature lets you fly swiftly
                  | and evasively. [Tengu growth]
  3131 | D:3      | Reached XP level 5. HP: 32/32 MP: 8/8
  3384 | D:3      | Learned a level 2 spell: Scorch
  3418 | D:3      | Noticed Robin
  3436 | D:3      | HP: 1/32 [goblin/+0 dagger[Robin] (2)]
  3438 | D:3      | Hit by a goblin thrown by Robin

Illustrated notes

Levels and vault maps discovered:
D:1:      lightli_arrival_isolated_outpost, layout_basic,
          hellmonk_ecumenical_altar_inner_sanctum
D:2:      layout_basic, grunt_ministairs_13, chequers_serial_rivers_large_b,
          minmay_tiny_reverse_x
D:3:      layout_rooms, lemuel_tele_altar, amcnicky_altar_gilded,
          lemuel_crystal_altar, uniq_robin, uniq_terence, uniq_grinder

Skill      XL: |  1  2  3 |
---------------+----------+-----
Dodging        | 1 |  1.7
Fire Magic     | 4 |  4.6
Maces & Flails | 4 |  4.4
Fighting       | |  3.4
Spellcasting   | |  1.8

Action                   |  1- 3 |  4- 6 || total
-------------------------+-------+-------++-------
Melee: Mace              |    67 |    39 ||   106
       Kick              |    14 |     9 ||    23
       Peck              |     9 |     7 ||    16
       Flail             |       |    10 ||    10
 Cast: Scorch            |       |     1 ||     1
Invok: Foxfire Swarm     |     3 |     3 ||     6
       Fiery Armour      |     2 |     1 ||     3
  Use: Scroll            |     3 |     2 ||     5
       Potion            |     1 |     2 ||     3
Armor: Robe              |    18 |     7 ||    25
Dodge: Dodged            |    45 |    36 ||    81
